 Dungeon Crawl Stone Soup version 0.22-a0-15-g4f60a598d5 (webtiles) character file.

105429 Manul the Warrior (level 15, -7/143 HPs)
             Began as a Grey Draconian Monk on Jan 2, 2018.
             Was an Initiate of Gozag.
             Killed from afar by Roxanne (67 damage)
             ... with a crystal spear
             ... on level 15 of the Dungeon.
             The game lasted 00:46:26 (27971 turns).

Manul the Warrior (Grey Draconian Monk)            Turns: 27971, Time: 00:46:28

Health: -7/143     AC: 20    Str: 15    XL:     15   Next: 94%
Magic:  19/19      EV: 26    Int: 10    God:    Gozag
Gold:   3361       SH:  0    Dex: 24    Spells: 15/20 levels left

rFire    . . .     SeeInvis +   E - +13 Maxwell's thermic engine {flame, freeze, rF- rC-}
rCold    x . .     Gourm    .   (no shield)
rNeg     + + +     Faith    .   (armour unavailable)
rPois    .         Spirit   .   F - +1 hat {SInv}
rElec    +         Reflect  .   c - scarf {rC+ rF+}
rCorr    .         Harm     .   P - +2 pair of gloves of the Past {*Slow +Fly rElec rC- rN+++}
MR       +....                  (no boots)
Stlth    +++.......             v - amulet of regeneration
HPRegen  0.73/turn              N - +5 ring of dexterity
MPRegen  0.16/turn              G - +2 ring of protection

@: lethally poisoned (-7 -> -7), gold aura
A: walk through water, unfitting armour, unbreathing, cold-blooded, AC +14
a: Potion Petition, Call Merchant, Bribe Branch, Renounce Religion, Evoke Flight


You were on level 15 of the Dungeon.
You worshipped Gozag.
Gozag was most pleased with you.
You were not hungry.

You visited 4 branches of the dungeon, and saw 24 of its levels.
You visited 1 bazaar.
You also visited: Volcano.

You collected 7667 gold pieces.
You spent 2263 gold pieces at shops.
You paid 2043 gold pieces to Gozag.

Inventory:

Hand Weapons
 E - the +13 Maxwell's thermic engine (weapon) {flame, freeze, rF- rC-}
   (You bought it in a shop on level 9 of the Dungeon)

   It has been specially enchanted to burn those struck by it, causing extra
   injury to most foes and up to half again as much damage against particularly
   susceptible opponents.
   Big, fiery blades are also staple armaments of hydra-hunters.
   It makes you vulnerable to fire.
   It makes you vulnerable to cold.
 W - a +2 glaive of flaming
Armour
 c - a scarf of resistance (worn)
 F - a +1 hat of see invisible (worn)
 P - the +2 pair of gloves of the Past (worn) {*Slow +Fly rElec rC- rN+++}
   (You found it on level 11 of the Dungeon)

   It makes you vulnerable to cold.
   It insulates you from electricity.
   It renders you almost immune to negative energy.
   It lets you fly.
   It may slow you when you take damage.
 R - the -2 hat of the Alchemist {rElec rPois rF+ rC+ rN+ MR+ rMut rCorr}
   (You bought it in a shop in a bazaar)

   It protects you from fire.
   It protects you from cold.
   It insulates you from electricity.
   It protects you from poison.
   It protects you from negative energy.
   It affects your resistance to hostile enchantments.
   It protects you from acid and corrosion.
   It protects you from mutation.
Jewellery
 m - an uncursed ring of resist corrosion
 v - an amulet of regeneration (around neck)
 G - a +2 ring of protection (right hand)
 N - a +5 ring of dexterity (left hand)
 X - a +6 ring of strength
Wands
 k - a wand of random effects (34)
 D - a wand of acid (34)
 H - a wand of paralysis (18)
 I - a wand of digging (52)
 J - a wand of polymorph (5)
 L - a wand of disintegration (8)
 O - a wand of iceblast (20)
 U - a wand of clouds (3)
 V - a wand of scattershot (6)
Scrolls
 e - 12 scrolls of teleportation
 f - a scroll of magic mapping
 h - 12 scrolls of remove curse
 j - 2 scrolls of fog
 l - a scroll of summoning {unknown}
 o - 2 scrolls of fear
 q - 3 scrolls of blinking
 s - 7 scrolls of enchant weapon
 t - 3 scrolls of enchant armour
 y - 5 scrolls of identify
 C - a scroll of silence
 Y - a scroll of holy word
Potions
 d - 2 potions of ambrosia
 n - a potion of berserk rage {unknown}
 z - 5 potions of curing
 M - 3 potions of resistance
 Q - a potion of agility {unknown}
 S - a potion of haste
 T - a potion of mutation {unknown}
 Z - a potion of flight
Books
 a - a book of Maledictions

   Spells                             Type                      Level
   a - Corona                         Hexes                        1
   b - Ensorcelled Hibernation        Hexes/Ice                    2
   c - Confuse                        Hexes                        3
   d - Tukima's Dance                 Hexes                        3
   e - Dazzling Spray                 Conjuration/Hexes            3
 g - a book of Frost

   Spells                             Type                      Level
   a - Freeze                         Ice                          1
   b - Throw Frost                    Conjuration/Ice              2
   c - Ozocubu's Armour               Charms/Ice                   3
   d - Throw Icicle                   Conjuration/Ice              4
   e - Summon Ice Beast               Ice/Summoning                4
 r - a book of Unlife

   Spells                             Type                      Level
   a - Recall                         Summoning/Translocation      3
   b - Animate Dead                   Necromancy                   4
   c - Borgnjor's Vile Clutch         Necromancy/Earth             5
   d - Death Channel                  Necromancy                   6
   e - Simulacrum                     Ice/Necromancy               6
 w - a book of Party Tricks

   Spells                             Type                      Level
   a - Summon Butterflies             Summoning                    1
   b - Apportation                    Translocation                1
   c - Lesser Beckoning               Translocation                3
   d - Tukima's Dance                 Hexes                        3
   e - Alistair's Intoxication        Transmutation/Poison         5
   f - Invisibility                   Hexes                        6
 A - a book of Necromancy

   Spells                             Type                      Level
   a - Pain                           Necromancy                   1
   b - Animate Skeleton               Necromancy                   1
   c - Vampiric Draining              Necromancy                   3
   d - Regeneration                   Charms/Necromancy            3
   e - Animate Dead                   Necromancy                   4
   f - Borgnjor's Vile Clutch         Necromancy/Earth             5
 B - a book of Flames

   Spells                             Type                      Level
   a - Flame Tongue                   Conjuration/Fire             1
   b - Throw Flame                    Conjuration/Fire             2
   c - Conjure Flame                  Conjuration/Fire             3
   d - Inner Flame                    Hexes/Fire                   3
   e - Sticky Flame                   Conjuration/Fire             4
   f - Fireball                       Conjuration/Fire             5
 K - a book of Debilitation

   Spells                             Type                      Level
   a - Corona                         Hexes                        1
   b - Slow                           Hexes                        2
   c - Inner Flame                    Hexes/Fire                   3
   d - Portal Projectile              Hexes/Translocation          3
   e - Cause Fear                     Hexes                        4
   f - Leda's Liquefaction            Hexes/Earth                  4
Miscellaneous
 p - a lamp of fire
 x - a lightning rod (4/4)
Comestibles
 b - 31 rations


   Skills:
 + Level 15.8 Fighting
 * Level 12.1 Long Blades
   Level 6.4(9.3) Axes
 - Level 10.5(11.2) Polearms
 + Level 13.7 Dodging
 - Level 4.8 Stealth
 - Level 3.2 Spellcasting
 - Level 1.1 Conjurations
 - Level 0.2 Fire Magic
 + Level 3.0 Evocations


You had 15 spell levels left.
You knew the following spells:

 Your Spells              Type           Power        Failure   Level  Hunger
a - Flame Tongue          Conj/Fire      #....        21%         1    #......
b - Corona                Hex            #......      28%         1    #......
c - Conjure Flame         Conj/Fire      #.......     52%         3    ###....


Dungeon Overview and Level Annotations

Branches:
Dungeon (15/15)            Temple (1/1) D:5            Lair (6/6) D:8
 Shoals (0/4) Lair:3        Snake (0/4) Lair:2        Slime (0/5) Lair:5
    Orc (2/2) D:9             Elf (0/3) Orc:2        Vaults (0/5) D:13
 Depths (0/5) D:15

Altars:
Cheibriados
Dithmenos
Elyvilon
Gozag
Kikubaaqudgha
Qazlal
Ru
Sif Muna
Trog
Vehumet
Wu Jian
Xom
Yredelemnul
The Shining One
Beogh
Jiyva

Shops:
D:8 *   D:9 ([   D:11 *   D:14 *   Orc:2 (([?

Portals:
Ice
Cave: D:15

Annotations:
D:13 Sonja
D:15 exclusion: Roxanne, Roxanne
Lair:6 1 runed door, exclusion: ice statue


Innate Abilities, Weirdness & Mutations

You can walk through water.
Your dull iron-grey scales are very hard. (AC +14)
You cannot fit into any form of body armour.
You can survive without breathing.
You are cold-blooded and may be slowed by cold attacks.


Message History

You hit Roxanne.
Roxanne is severely damaged.
You hit Roxanne but do no damage.
Roxanne is severely damaged.
You feel sick.
The brown ugly thing is no longer distracted by gold.
You slash Roxanne! You tail-slap Roxanne.
Roxanne is severely damaged.
You feel sick. The bullfrog zombie misses you.
You slice Roxanne!!
Roxanne is almost destroyed.
The bullfrog zombie completely misses you.
You slash Roxanne! You freeze Roxanne.
Roxanne is almost destroyed.
You feel sick.
The bullfrog zombie is distracted by the nearby gold.
Roxanne casts a spell.
The crystal spear hits you!
You die...
Your body crumbles into a pile of gold.

**,,,,,,,*,,,**,*,*
***,,,,,,,,,,*##,,,.*
,,+,,,,,,,,,+,..,,..*
***,,,,,,,,,**#.,,.#*
**,,,,,..#* #.*,.##
##.,≈≈≈≈≈## #.##..#
#..#####≈.#**.....#
#.....∩#≈.#*,#Z8..#
#≈.....#≈.#,*#@..#*
#.#≈...#≈.#*,#$.##
##≈#≈..#..#*#.#u#
###..≈#.....# ###.#
.?...u$k....## #.#
.............# #.#
...###...###.####$#
,,,* #...........$#
,,,* #.<...###...##


You could see Roxanne, a brown ugly thing and a bullfrog zombie (unaware).

Vanquished Creatures
  Gastronok (Lair:1)
  2 orc warlords (Orc:1)
  Nessos (Lair:6)
  A red draconian (Volcano)
  The ghost of Turtleman12345 the Grappler, a journeyman TrMo of Wu Jian (Lair:2)
  A fire dragon (Lair:6)
  The ghost of emikaela the Covert, a journeyman NaAs of Kikubaaqudgha (D:10)
  Harold (D:10)
  2 hydras
  A centaur warrior (D:15)
  9 two-headed ogres
  3 death yaks
  A salamander mystic (Volcano)
  Nergalle (D:10)
  2 unseen horrors
  4 slime creatures
  A swamp dragon (Lair:6)
  2 lindwurms (Lair:6)
  2 orc knights
  A deep elf mage (D:14)
  A necromancer (D:13)
  5 orc sorcerers
  8 ugly things
  4 salamanders (Volcano)
  4 cyclopes (D:14)
  2 molten gargoyles (Volcano)
  5 elephants (Lair:6)
  4 black mambas
  A guardian serpent (Lair:2)
  A gargoyle (D:14)
  5 torpor snails (Lair:6)
  7 komodo dragons
  4 rime drakes
  9 spiny frogs
  2 freezing wraiths
  3 polar bears (Lair:6)
  5 trolls
  The ghost of Roak the Shooter, an amateur DrHu (D:3)
  7 hornets
  4 blink frogs (Lair:5)
  A polar bear (shapeshifter) (D:13)
  3 tyrant leeches (Lair:6)
  5 hippogriffs
  A snapping turtle (Lair:3)
  3 shadows
  3 centaur simulacra
  A vampire (D:14)
  2 fire bats (Volcano)
  A fire bat (shapeshifter) (D:13)
  A wraith (D:9)
  5 wyverns
  37 yaks
  4 steam dragons
  2 basilisks
  7 vampire mosquitoes
  A hungry ghost (D:9)
  A soldier ant (D:9)
  2 wargs
  3 acid dragons
  Duvessa (D:5)
  13 water moccasins
  9 porcupines
  37 orc warriors
  13 ice beasts
  A sky beast (D:9)
  A necrophage (D:6)
  10 ogres
  A black bear (D:8)
  2 eyes of draining (D:12)
  2 phantoms
  5 boggarts (D:14)
  5 wolves
  11 crocodiles
  4 centaurs
  Blork the orc (D:5)
  6 big kobolds
  A wyvern zombie (D:6)
  14 bullfrogs
  6 gnoll sergeants (D:9)
  Dowan (D:5)
  6 scorpions
  10 killer bees
  5 wights (D:14)
  An electric eel (Lair:5)
  4 lava snakes (Volcano)
  6 howler monkeys
  9 crimson imps
  6 centaur zombies
  A quasit (D:12)
  10 hounds
  3 jellies
  25 orc wizards
  2 bullfrog skeletons
  A bullfrog zombie (D:5)
  Crazy Yiuf (D:5)
  17 orc priests
  4 centaur skeletons
  Jessica (D:2)
  3 iguanas
  Natasha (twice) (D:2)
  9 worker ants
  A hound zombie (D:6)
  A hound skeleton (D:11)
  2 worker ant zombies (D:5)
  6 gnolls
  2 howler monkey skeletons
  11 adders
  3 shadow imps
  4 white imps (Lair:6)
  An ooze (D:3)
  An adder skeleton (D:5)
  3 worms
  3 dart slugs (D:2)
  6 leopard geckos
  112 orcs
  A ball python (D:4)
  4 giant cockroaches
  9 goblins
  11 hobgoblins
  11 jackals
  2 quokkas
  9 bats
  3 frilled lizards
  22 kobolds
  A leopard gecko skeleton (D:8)
  6 rats
708 creatures vanquished.

Vanquished Creatures (others)
  A two-headed ogre (D:10)
  A jelly (D:12)
  2 orcs (Orc:2)
  5 fungi
  7 plants
16 creatures vanquished.

Grand Total: 724 creatures vanquished

Notes
Turn   | Place    | Note
-------+----------+-------------------------------------------
     0 | D:1      | Manul the Draconian Monk began the quest for the Orb.
     0 | D:1      | Reached XP level 1. HP: 19/19 MP: 1/1
   201 | D:1      | Reached XP level 2. HP: 26/26 MP: 2/2
   855 | D:2      | Reached XP level 3. HP: 24/31 MP: 3/3
  1155 | D:2      | Reached XP level 4. HP: 28/40 MP: 4/4
  1238 | D:2      | Noticed Jessica
  1243 | D:2      | Killed Jessica
  1317 | D:2      | Noticed Natasha
  1328 | D:2      | Killed Natasha
  1328 | D:2      | Reached XP level 5. HP: 39/46 MP: 5/5
  1416 | D:2      | Reached skill level 4 in Fighting
  1619 | D:2      | Found a shimmering altar of Xom.
  1869 | D:3      | Noticed Roak's ghost (amateur DrHu)
  1920 | D:2      | Noticed Natasha
  1923 | D:2      | Killed Natasha
  2073 | D:3      | Killed Roak's ghost
  2073 | D:3      | Reached skill level 5 in Axes
  2073 | D:3      | Reached XP level 6. HP: 53/53 MP: 6/6
  2725 | D:3      | Found a shadowy altar of Dithmenos.
  2728 | D:3      | Found a shimmering altar of Xom.
  2728 | D:3      | Found an ancient bone altar of Kikubaaqudgha.
  2730 | D:3      | Found a shadowy altar of Dithmenos.
  2730 | D:3      | Found a shimmering altar of Xom.
  2730 | D:3      | Found an ancient bone altar of Kikubaaqudgha.
  3095 | D:4      | Your scales start taking on a dull iron-grey colour.
  3095 | D:4      | Reached XP level 7. HP: 29/60 MP: 7/7
  3095 | D:4      | Gained mutation: You can survive without breathing. [Grey Draconian growth]
  3115 | D:4      | Reached skill level 5 in Fighting
  4061 | D:5      | Entered Level 5 of the Dungeon
  4116 | D:5      | Reached skill level 5 in Dodging
  4207 | D:5      | Noticed Dowan
  4227 | D:5      | Reached XP level 8. HP: 70/70 MP: 8/8
  4232 | D:5      | Found a runed door.
  4275 | D:5      | Noticed Blork the orc
  4286 | D:5      | Killed Blork the orc
  4325 | D:5      | Reached skill level 6 in Fighting
  4604 | D:5      | Found a deep blue altar of Sif Muna.
  4714 | D:5      | Found a staircase to the Ecumenical Temple.
  4749 | D:5      | Noticed Duvessa
  4789 | Temple   | Entered the Ecumenical Temple
  4860 | Temple   | Became a worshipper of Gozag Ym Sagoz the Greedy
  4962 | D:5      | Killed Duvessa
  4965 | D:5      | Killed Dowan
  4994 | D:5      | Noticed Crazy Yiuf
  4999 | D:5      | Killed Crazy Yiuf
  5278 | D:6      | Reached skill level 7 in Fighting
  5619 | D:6      | Reached skill level 1 in Polearms
  5619 | D:6      | Reached XP level 9. HP: 78/79 MP: 9/9
  5653 | D:6      | Found a sacrificial altar of Ru.
  5892 | D:6      | Found a faded altar of an unknown god.
  5892 | D:6      | Found a snail-covered altar of Cheibriados.
  5897 | D:6      | Found a sacrificial altar of Ru.
  5899 | D:6      | Found a faded altar of an unknown god.
  5912 | D:6      | Reached skill level 1 in Spellcasting
  5918 | D:6      | Found a white marble altar of Elyvilon.
  6056 | D:7      | Got a smoking rapier
  6057 | D:7      | Identified the +8 rapier "Fonk" {flame, +Fly rElec rF++ Dex-4} (You found it on level 7 of the Dungeon)
  6060 | D:7      | Learned a level 1 spell: Flame Tongue
  6624 | D:7      | Reached skill level 1 in Conjurations
  7385 | D:8      | Reached skill level 5 in Polearms
  7509 | D:8      | Reached skill level 8 in Fighting
  7647 | D:8      | Noticed a two-headed ogre
  7660 | D:8      | Killed a two-headed ogre
  7660 | D:8      | Reached XP level 10. HP: 88/88 MP: 14/14
  7885 | D:8      | Found a basalt altar of Yredelemnul.
  8085 | D:8      | Noticed a two-headed ogre
  8098 | D:8      | Killed a two-headed ogre
  8287 | D:8      | Found a staircase to the Lair.
  8537 | D:9      | Reached skill level 9 in Fighting
  8577 | D:9      | Paralysed by a hornet for 2 turns
  8817 | D:9      | Found a radiant altar of Vehumet.
  8878 | D:9      | Reached skill level 1 in Evocations
  8915 | D:9      | Found a stormy altar of Qazlal.
  9119 | D:9      | Noticed a two-headed ogre
  9135 | D:9      | Killed a two-headed ogre
  9135 | D:9      | Reached skill level 10 in Fighting
  9238 | D:9      | Reached XP level 11. HP: 85/99 MP: 15/15
  9377 | D:9      | Found a staircase to the Orcish Mines.
  9680 | D:9      | Noticed a two-headed ogre
  9690 | D:9      | Killed a two-headed ogre
  9757 | D:10     | Entered Level 10 of the Dungeon
  9757 | D:10     | Noticed a two-headed ogre
  9786 | D:10     | Killed a two-headed ogre
  9786 | D:10     | Reached skill level 11 in Fighting
  9786 | D:10     | Reached skill level 10 in Dodging
  9907 | D:10     | Noticed emikaela's ghost (journeyman NaAs)
 10293 | D:9      | Bought a pair of runed gloves for 247 gold pieces
 10943 | D:10     | Noticed a two-headed ogre
 10953 | D:10     | Killed a two-headed ogre
 11048 | D:10     | Learned a level 1 spell: Corona
 11066 | D:10     | Noticed Nergalle
 11083 | D:10     | Killed Nergalle
 11083 | D:10     | Reached skill level 12 in Fighting
 11172 | D:10     | Noticed a cyan ugly thing
 11200 | D:10     | Killed a cyan ugly thing
 11418 | D:10     | Noticed Harold
 11873 | D:10     | Killed emikaela's ghost
 11933 | D:10     | Killed Harold
 12116 | D:10     | Reached XP level 12. HP: 107/113 MP: 16/16
 12326 | D:10     | Noticed a two-headed ogre
 12644 | D:11     | Got a pair of smoking gloves
 12671 | D:11     | Identified the +2 pair of gloves of the Past {*Slow +Fly rElec rC- rN+++} (You found it on level 11 of the Dungeon)
 12879 | D:11     | Found Piprour's Assorted Antiques.
 13423 | D:12     | Noticed a two-headed ogre
 13433 | D:12     | Reached skill level 13 in Fighting
 13594 | D:12     | Killed a two-headed ogre
 13601 | D:12     | Noticed a two-headed ogre
 13618 | D:12     | Killed a two-headed ogre
 14037 | D:12     | Noticed a two-headed ogre
 14056 | D:12     | Killed a two-headed ogre
 14449 | D:12     | Got a slimy quarterstaff
 14450 | D:12     | Identified the +4 quarterstaff "Ucuvazan" {drain, rElec rF+} (You found it on level 12 of the Dungeon)
 14944 | D:13     | Noticed Sonja
 15213 | Orc:1    | Entered Level 1 of the Orcish Mines
 15213 | Orc:1    | Found a roughly hewn altar of Beogh.
 15706 | Orc:2    | Entered Level 2 of the Orcish Mines
 15736 | Orc:2    | Found a roughly hewn altar of Beogh.
 15737 | Orc:2    | Found Jyci Zam's Antique Weapon Shop.
 15980 | Orc:2    | Found a roughly hewn altar of Beogh.
 16021 | Orc:2    | Found a roughly hewn altar of Beogh.
 16129 | Orc:2    | Noticed an orc warlord
 16189 | Orc:1    | Learned a level 3 spell: Conjure Flame
 16274 | Orc:1    | Killed an orc warlord
 16533 | Orc:2    | Noticed an orc warlord
 16561 | Orc:2    | Reached XP level 13. HP: 88/122 MP: 17/17
 16564 | Orc:2    | Paralysed by an orc sorcerer for 6 turns
 16647 | Orc:2    | Paralysed by an orc sorcerer for 3 turns
 16808 | Orc:1    | Killed an orc warlord
 17146 | Orc:2    | Found a roughly hewn altar of Beogh.
 17316 | Orc:2    | Found a roughly hewn altar of Beogh.
 17569 | Orc:2    | Found a roughly hewn altar of Beogh.
 17582 | Orc:2    | Reached skill level 10 in Polearms
 17608 | Orc:2    | Found a staircase to the Elven Halls.
 17866 | Orc:2    | Found Jiuc's Antique Weapon Boutique.
 17868 | Orc:2    | Found a roughly hewn altar of Beogh.
 17872 | Orc:2    | Found Ijudex's Antique Armour Shop.
 17913 | Orc:2    | Found a roughly hewn altar of Beogh.
 17981 | Orc:2    | Found Woozxin's Magic Scroll Shop.
 17989 | Orc:2    | Bought a scroll of brand weapon for 260 gold pieces
 18011 | Orc:2    | Found a roughly hewn altar of Beogh.
 18741 | D:9      | Bought a shimmering trident for 187 gold pieces
 18741 | D:9      | Identified the +3 trident "Pendulum" {speed, *Slow rF+ Int+5} (You bought it in a shop on level 9 of the Dungeon)
 18915 | Lair:1   | Entered Level 1 of the Lair of Beasts
 18950 | Lair:1   | Reached skill level 1 in Long Blades
 19214 | Lair:1   | Reached skill level 14 in Fighting
 19299 | Lair:1   | Noticed Gastronok
 19321 | Lair:1   | Killed Gastronok
 19991 | Lair:2   | Found a staircase to the Snake Pit.
 20621 | Lair:2   | Noticed Turtleman12345's ghost (journeyman TrMo)
 22149 | Lair:3   | Found a staircase to the Shoals.
 22338 | Lair:4   | Found a dark tunnel.
 22367 | Volcano  | Entered a volcano
 22533 | Volcano  | Found a radiant altar of Vehumet.
 22657 | Volcano  | Noticed a red draconian
 22683 | Volcano  | Killed a red draconian
 23056 | Lair:4   | Reached XP level 14. HP: 133/133 MP: 18/18
 23374 | Lair:4   | You fall through a shaft!
 23374 | Lair:5   | Found a shimmering altar of Xom.
 23510 | Lair:5   | Found a viscous altar of Jiyva.
 23510 | Lair:5   | Found a staircase to the Slime Pits.
 23574 | Lair:5   | Reached skill level 15 in Fighting
 24078 | Lair:5   | Reached XP level 15. HP: 141/141 MP: 19/19
 24539 | Lair:2   | Killed Turtleman12345's ghost
 24631 | D:9      | Bought the +2 Maxwell's thermic engine {flame, freeze, rF- rC-} for 814 gold pieces
 24631 | D:9      | Found the +2 Maxwell's thermic engine {flame, freeze, rF- rC-}
 24767 | Lair:6   | Entered Level 6 of the Lair of Beasts
 24771 | Lair:6   | Noticed Nessos
 24989 | Lair:6   | Killed Nessos
 25468 | Lair:6   | Reached skill level 10 in Long Blades
 25683 | Lair:6   | Found a runed door.
 25731 | Lair:6   | Paralysed by a hornet for 2 turns
 26374 | Lair:6   | Identified Sif Muna's Compendium of Hurtful Curses
 26864 | D:13     | Found an ornate altar of the Wu Jian Council.
 26954 | D:13     | Found a gate to the Vaults.
 27148 | D:14     | Found Fuqirphu's Blood Bar.
 27252 | D:14     | Found a flickering gateway to a bazaar.
 27291 | Bazaar   | Entered a bazaar
 27292 | Bazaar   | Found Cohohit's Gadget Shop.
 27300 | Bazaar   | Found Kitom's Antique Weapon Boutique.
 27329 | Bazaar   | Found Sihuohats's Armour Shop.
 27331 | Bazaar   | Found Edissomo's Book Shop.
 27336 | Bazaar   | Found Zuuda's Antique Weapon Shoppe.
 27356 | Bazaar   | Bought the -2 hat of the Alchemist {rElec rPois rF+ rC+ rN+ MR+ rMut rCorr} for 755 gold pieces
 27356 | Bazaar   | Found the -2 hat of the Alchemist {rElec rPois rF+ rC+ rN+ MR+ rMut rCorr}
 27500 | D:14     | Found a shadowy altar of Dithmenos.
 27872 | D:15     | Entered Level 15 of the Dungeon
 27917 | D:15     | Found a frozen archway.
 27933 | D:15     | Noticed Roxanne
 27971 | D:15     | Killed from afar by Roxanne

Vault maps used:
D:1:      evilmike_arrival_home_sweet_home, minmay_unequal
D:2:      lemuel_round_altar, hangedman_decor_clover_reticule,
          serial_bayou_pond_e, uniq_jessica, uniq_natasha
D:3:      minmay_item_behind_shaft, doesnt_xom_only_xom
D:4:      first_ration
D:5:      kennysheep_mini_moat, minmay_temple_entry_enclosed_plants,
          uniq_duvessa, uniq_crazy_yiuf_cottage, uniq_blork_the_orc
D:6:      corexii_shantytown, chequers_temple_overflow_minitemple,
          nicolae_ru_sacrificial_ziggurat
D:7:      serial_co_window_serial, co_window_paths_b, co_window_paths_b,
          co_window_paths_a, co_window_cross_1, co_window_paths_a,
          co_window_paths_b, co_window_paths_a, co_window_paths_b,
          co_window_paths_b, co_window_unsneaky_path_d,
          co_window_of_opportunity_b, co_window_2corner,
          co_window_of_opportunity_b, co_window_corner_b, co_window_4corner_a
D:8:      lemuel_coloured_pillars_altar, grunt_lair_entry_orc_guard_hut
D:9:      vehumet_altar_wand_db, kennysheep_orc_monster_closet_entryway,
          minmay_misc_feat_nine_boxes, hangedman_pestilent_swarm,
          nicolae_qazlal_general_emergency
D:10:     serial_park_tiny_2, minivault_10, uniq_harold, uniq_nergalle
D:11:     serial_shops, shop_fountains
D:13:     david_vaults_4, basic_altar, uniq_sonja
D:14:     serial_shops, bzr_entry_dummy, nicolae_dithmenos_shadow_blocks,
          guppyfry_shop_blood
D:15:     hangedman_depths_entry_try_elsewhere_first, lab_entry_generic,
          minivault_25, serial_ice, serial_ice_g, serial_ice_e, serial_ice_c,
          serial_ice_j, serial_ice_a, serial_ice_b, portal_ice_cave_rime,
          uniq_louise, uniq_roxanne
Temple:   regret_index_temple_generic_petals
Lair:1:   uniq_gastronok
Lair:2:   minmay_snake_entry_spellcaster, infiniplex_staircase_pool
Lair:3:   minmay_shoals_entry_hut, minivault_24, grunt_megastairs_1
Lair:4:   enter_volcano_1
Lair:5:   slime_altar_1, basic_altar, serial_bayou_shore_a
Lair:6:   guppyfry_lair_end_dragon, wormcave, ice2_lemuel,
          infiniplex_staircase_pool_2, uniq_nessos
Orc:1:    basic_altar
Orc:2:    grunt_orc_community_town_hall, grunt_orc_community_big_house_2,
          grunt_orc_community_big_house_1, grunt_orc_community_house_2,
          grunt_orc_community_house_2, grunt_orc_community_house_3,
          grunt_orc_community_house_2, grunt_orc_community_house_1,
          grunt_orc_community_house_3
Bazaar:   bazaar_kb_twisted_cavern
Volcano:  volcano_lake

Skill      XL: |  1  2  3  4  5  6  7  8  9 10 11 12 13 14 15 |
---------------+----------------------------------------------+-----
Dodging        | 3 4 5 6 7 9 11 12 13 | 13.7
Stealth        | 2 3 4 |  4.8
Axes           | 4 5 6 |  6.4
Fighting       | 4 5 7 8 10 12 13 14 15 | 15.8
Polearms       | 1 6 9 10 | 10.5
Spellcasting   | 3 |  3.2
Conjurations   | 1 |  1.1
Evocations     | 1 2 3 |  3.0
Long Blades    | 4 7 12 | 12.1
Fire Magic     | |  0.2

Action                   |  1- 3 |  4- 6 |  7- 9 | 10-12 | 13-15 || total
-------------------------+-------+-------+-------+-------+-------++-------
Melee: Hand axe          |    73 |       |       |       |       ||    73
       Tailslap          |     6 |     7 |    83 |   230 |   252 ||   578
       Trident           |    20 |   100 |   598 |  1281 |   798 ||  2797
       Quarterstaff      |       |       |       |   162 |       ||   162
       Glaive            |       |       |       |       |   107 ||   107
       Double sword      |       |       |       |       |   390 ||   390
 Cast: Flame Tongue      |       |       |     2 |     2 |     1 ||     5
Invok: Call Merchant     |       |       |       |     2 |     1 ||     3
Evoke: Wand              |       |       |     2 |    28 |     5 ||    35
       Lightning rod     |       |       |       |       |     1 ||     1
  Use: Potion            |       |     3 |     1 |     1 |     9 ||    14
       Scroll            |       |     1 |     5 |    12 |    12 ||    30
 Stab: Sleeping          |     6 |     4 |    18 |    19 |    26 ||    73
       Distracted        |       |       |     7 |    10 |    10 ||    27
       Paralysed         |       |       |     5 |    34 |    17 ||    56
  Eat: Chunk             |     1 |     3 |     2 |       |       ||     6
       Ration            |       |     1 |     4 |    10 |    11 ||    26
Armor: Skin              |    29 |    46 |   164 |   229 |   206 ||   674
Dodge: Dodged            |    76 |    51 |   496 |  1116 |  1096 ||  2835
       Rpst.: Double sword |       |       |       |       |   112 ||   112

Table legend:
 A = Spawn XP
 B = Non-spawn XP
 C = Spawn XP percentage of total XP
 D = Spawn monster count
 E = Non-spawn monster count
 F = Spawn count percentage of total count
 G = Total turns spent on level
                    A         B        C        D         E        F      G
               +---------+---------+-------+---------+---------+-------+---------
         Total |       0 |  110642 |   0.0 |       0 |     710 |   0.0 | 27971
               +---------+---------+-------+---------+---------+-------+---------
           D:1 |       0 |      23 |   0.0 |       0 |      16 |   0.0 |   767
           D:2 |       0 |     225 |   0.0 |       0 |      23 |   0.0 |  1055
           D:3 |       0 |     342 |   0.0 |       0 |      11 |   0.0 |  1152
           D:4 |       0 |     544 |   0.0 |       0 |      19 |   0.0 |  1087
           D:5 |       0 |     992 |   0.0 |       0 |      24 |   0.0 |   897
           D:6 |       0 |    1121 |   0.0 |       0 |      57 |   0.0 |   918
           D:7 |       0 |    1366 |   0.0 |       0 |      30 |   0.0 |  1405
           D:8 |       0 |    3808 |   0.0 |       0 |      32 |   0.0 |  1545
           D:9 |       0 |    6243 |   0.0 |       0 |      48 |   0.0 |  2789
          D:10 |       0 |    9556 |   0.0 |       0 |      56 |   0.0 |  1344
          D:11 |       0 |    3206 |   0.0 |       0 |      28 |   0.0 |  1292
          D:12 |       0 |    5461 |   0.0 |       0 |      37 |   0.0 |  1238
          D:13 |       0 |    1938 |   0.0 |       0 |       9 |   0.0 |   628
          D:14 |       0 |   10725 |   0.0 |       0 |      39 |   0.0 |   682
          D:15 |       0 |    3954 |   0.0 |       0 |       9 |   0.0 |    99
        Lair:1 |       0 |    5297 |   0.0 |       0 |      16 |   0.0 |  1531
        Lair:2 |       0 |    6002 |   0.0 |       0 |      21 |   0.0 |  1099
        Lair:3 |       0 |    2700 |   0.0 |       0 |       9 |   0.0 |   964
        Lair:4 |       0 |    2631 |   0.0 |       0 |      11 |   0.0 |   659
        Lair:5 |       0 |    3107 |   0.0 |       0 |      14 |   0.0 |   940
        Lair:6 |       0 |   22795 |   0.0 |       0 |      76 |   0.0 |  1692
         Orc:1 |       0 |    6095 |   0.0 |       0 |      29 |   0.0 |  1427
         Orc:2 |       0 |    6887 |   0.0 |       0 |      82 |   0.0 |  1948
       Volcano |       0 |    5624 |   0.0 |       0 |      14 |   0.0 |   645
               +---------+---------+-------+---------+---------+-------+---------
